 Seeded DCSS version 0.30.1-4-g462c640d31 (webtiles) character file.

Game seed: 5 (custom seed)

219 Kazon the Conjurer (level 5, -2/33 HPs)
             Began as an Octopode Conjurer on Aug 31, 2023.
             Was an Initiate of Makhleb.
             Slain by Sigmund
             ... wielding a +0 scythe
              (11 damage)
             ... on level 4 of the Dungeon.
             The game lasted 00:14:22 (2209 turns).

Kazon the Conjurer (Octopode Conjurer)              Turns: 2209, Time: 00:14:24

Health: -2/33      AC:  1    Str:  9    XL:     5   Next: 96%
Magic:  9/17       EV: 13    Int: 20    God:    Makhleb [......]
Gold:   178        SH:  0    Dex: 16    Spells: 2/8 levels left

rFire   . . .        b - staff of conjuration
rCold   . . .        (no shield)
rNeg    . . .        (helmet restricted)
rPois   .            (no amulet)
rElec   .            n - ring of magical power
rCorr   .            t - +6 ring of dexterity
SInv    .            (no ring)
Will    .....        (no ring)
Stlth   ++++         (no ring)
HPRegen 0.25/turn    (no ring)
MPRegen 0.15/turn    (no ring)
                     (no ring)

%: no passive effects
@: very slightly contaminated
A: almost no armour, amphibious, 8 rings, camouflage 1, gelatinous body 1,
(nimble swimmer 1), tentacles
a: Renounce Religion


You were on level 4 of the Dungeon.
You worshipped Makhleb.
Makhleb was noncommittal.
You visited 2 branches of the dungeon, and saw 6 of its levels.

You collected 178 gold pieces.

Inventory:

Hand Weapons
 m - a +2 vampiric dagger
Missiles
 c - 16 stones
 f - 3 boomerangs
 o - 5 poisoned darts
Magical Staves
 b - a staff of conjuration (weapon)
Jewellery
 n - a ring of magical power (left tentacle)
 t - a +6 ring of dexterity (right tentacle)
Scrolls
 d - a scroll of fog {unknown}
 h - a scroll of teleportation {unknown}
 i - a scroll of summoning {unknown}
 j - 2 scrolls of identify {unknown}
 k - a scroll of blinking {unknown}
 l - 2 scrolls of magic mapping {unknown}
 s - a scroll of torment {unknown}
Potions
 a - 2 potions of magic
 e - a potion of resistance {unknown}
 g - 3 potions of curing {unknown}
 p - a potion of invisibility {unknown}
 q - 3 potions of flight {unknown}
 r - a potion of berserk rage {unknown}
 u - 2 potions of heal wounds {unknown}


   Skills:
 * Level 1.1 Fighting
 * Level 2.1 Staves
 * Level 2.5 Dodging
 + Level 3.6 Stealth
 + Level 2.4 Spellcasting
 + Level 5.1 Conjurations
 * Level 0.7 Invocations
 * Level 2.0 Evocations


You had 2 spell levels left.
You knew the following spells:

 Your Spells              Type           Power      Damage    Failure   Level
a - Magic Dart            Conj           100%       1d8       1%          1
b - Searing Ray           Conj           68%        2d6       2%          2
c - Dazzling Flash        Conj/Hex       38%        N/A       16%         3

Your spell library contained the following spells:

 Spells                   Type           Power      Damage    Failure   Level
 Frozen Ramparts          Ice            4%         1d1       41%         3
 Fulminant Prism          Conj/Hex       9%         3d7       45%         4
 Iskenderun's Mystic Bla  Conj/Tloc      18%        2d6       47%         4
 Ice Form                 Ice/Tmut       2%         N/A       83%         4
 Summon Ice Beast         Ice/Summ       2%         N/A       83%         4


Dungeon Overview and Level Annotations

Branches:
Dungeon (5/15)             Temple (1/1) D:4

Altars:
Fedhas
Gozag
Makhleb
Okawaru
Qazlal
Wu Jian
The Shining One

Annotations:
D:4 Sigmund


Innate Abilities, Weirdness & Mutations

You cannot wear most types of armour.
You are amphibious.
You can wear up to eight rings at the same time.
Your skin changes colour to match your surroundings (Stealth+).
Your rubbery body absorbs attacks. (AC +1, EV +1)
((You are camouflaged when in or above water. (Stealth+)))
You have tentacles for arms and can constrict up to eight enemies at once.


Message History

Sigmund casts a spell at you.
You are confused.
You're too confused to cast spells.
You're too confused to cast spells.
Unknown command.
You're too confused to cast spells.
You're too confused to cast spells.
Unknown command.
You're too confused to cast spells.
You're too confused to cast spells.
Unknown command.
Sigmund gestures at you while chanting. The magic dart hits you.
There is a stone staircase leading down here.
There is a stone staircase leading down here.
You're too confused to move!
You feel less confused. Sigmund gestures at you while chanting.
The magic dart hits you.
* * * LOW HITPOINT WARNING * * *
Unknown command.
Casting: Magic Dart (safe; 1% risk of failure)
Confirm with . or Enter, or press ? or * to list all spells.
The spell is quite dangerous to miscast (16% risk of failure)!
Continue anyway?
Casting: Dazzling Flash (quite dangerous; 16% risk of failure)
Press: ? - help, Dir - look around, f - activate Look: Sigmund, wielding a +0 scythe and wearing a +0 robe (heavily wounded, chance to dazzle: 63%)
You feel a surge of power!
Sigmund points at you and mumbles some strange words.
You resist with some effort.
Casting: Dazzling Flash (quite dangerous; 16% risk of failure)
Confirm with . or Enter, or press ? or * to list all spells.
The spell is quite dangerous to miscast (16% risk of failure)!
Continue anyway?
Casting: Dazzling Flash (quite dangerous; 16% risk of failure)
Press: ? - help, Dir - look around, f - activate You feel a surge of power!
You miscast Dazzling Flash.
You are very lightly contaminated with residual magic.
Nothing appears to happen.
Sigmund hits you from afar with a +0 scythe!
You die...

######### .. ####.......
#. ........... #.
.......... #.
.........####.. #######.
............. . ........
#....@.# #..##.######.
##......###..##.######.
##.....@.......... ...#.
...............##.####.#.
.....###..##...##........
.....#...................
.... ###..##.#...)##.#.#.
... #.................
... #.###.#.##.##.#.#.
#.# #.#.##.##.#.## #.#
#.#.##.##.#..#


You could see Sigmund.

Vanquished Creatures
  A scorpion (D:4)
  A hound (D:5)
  4 adders
  3 worms
  2 orcs (D:3)
  4 bats
  9 endoplasms
  A giant cockroach (D:1)
  12 goblins
  6 hobgoblins
  11 jackals
  3 kobolds
  2 quokkas (D:4)
  5 ball pythons
  3 frilled lizards
  4 rats
71 creatures vanquished.

Notes
Turn   | Place    | Note
-------+----------+-------------------------------------------
     0 | D:1      | Kazon the Octopode Conjurer began the quest for the Orb.
     0 | D:1      | Reached XP level 1. HP: 11/11 MP: 3/3
    46 | D:1      | Identified a scroll of acquirement
    46 | D:1      | Acquired a staff of conjuration
    60 | D:1      | Reached XP level 2. HP: 16/17 MP: 1/5
   304 | D:1      | Reached XP level 3. HP: 21/21 MP: 3/6
   892 | D:2      | Learned a level 2 spell: Searing Ray
   896 | D:2      | Learned a level 3 spell: Dazzling Flash
   918 | D:2      | Reached skill level 1 in Staves
   966 | D:2      | Reached skill level 1 in Evocations
  1006 | D:2      | Reached XP level 4. HP: 27/27 MP: 3/7
  1206 | D:2      | Reached skill level 5 in Conjurations
  1530 | D:3      | Found a blossoming altar of Fedhas.
  1542 | D:3      | Reached XP level 5. HP: 31/32 MP: 8/8
  1648 | D:3      | Identified the +2 sling "Qeuhanocyt" {speed, rElec Str-3
                  | Dex+2}
  1674 | D:3      | Found a faded altar of an unknown god.
  1731 | D:3      | Found a stormy altar of Qazlal.
  1920 | D:3      | You fall into a shaft and drop 2 floors!
  1920 | D:5      | Entered Level 5 of the Dungeon
  1951 | D:4      | Found a staircase to the Ecumenical Temple.
  1961 | Temple   | Entered the Ecumenical Temple
  1979 | Temple   | Became a worshipper of Makhleb the Destroyer
  2035 | D:4      | Reached skill level 1 in Fighting
  2197 | D:4      | Noticed Sigmund
  2209 | D:4      | Slain by Sigmund

Illustrated notes

Levels and vault maps discovered:
D:1:      ebering_trefoil_3fold, layout_basic, st_stairs_14, serial_bayou_ford_a
D:2:      layout_basic, hangedman_decor_growths, minmay_close_crescents
D:3:      layout_rooms, mainiacjoe_overflow_concentric_impassable,
          mainiacjoe_overflow_paths, shapermc_ecumenical_altar_acropolis,
          chequers_serial_rivers_micro_b
D:4:      layout_basic, riverfiend_overflow_shadow_ancestor,
          minmay_temple_entry_glass, uniq_sigmund
D:5:      layout_gridville
Temple:   nicolae_temple_elliptical

Skill      XL: |  1  2  3  4  5 |
---------------+----------------+-----
Staves         | 1 2 |  2.1
Evocations     | 1 2 |  2.0
Stealth        | 3 |  3.6
Conjurations   | 5 |  5.1
Fighting       | 1 |  1.1
Dodging        | |  2.5
Spellcasting   | |  2.4
Invocations    | |  0.7

Action                     |  1- 3 |  4- 6 || total
---------------------------+-------+-------++-------
  Melee: Unarmed           |    12 |       ||    12
         Tentacles         |    15 |    17 ||    32
         Constrict         |    12 |    21 ||    33
         Staff             |    37 |    67 ||   104
         Punch             |       |     1 ||     1
   Cast: Magic Dart        |    29 |    18 ||    47
         Searing Ray       |       |     2 ||     2
         Dazzling Flash    |       |     3 ||     3
    Use: Scroll            |     2 |       ||     2
   Stab: Sleeping          |     7 |     6 ||    13
 Armour: Skin              |     7 |     3 ||    10
  Dodge: Dodged            |    34 |    46 ||    80
